 Dungeon Crawl Stone Soup version 0.18.1-5-g4a78601 (webtiles) character file.

13975 kae the Severer (level 11, -2/97 HPs)
             Began as a Deep Dwarf Fighter on May 14, 2016.
             Was an Elder of Makhleb.
             Splashed by a brown ugly thing's acid (7 damage)
             ... on level 10 of the Dungeon.
             The game lasted 00:40:34 (10861 turns).

kae the Severer (Deep Dwarf Fighter)               Turns: 10861, Time: 00:40:34

Health: -2/97      AC:  9    Str: 26    XL:     11   Next: 82%
Magic:  4/4        EV: 11    Int: 10    God:    Makhleb [****..]
Gold:   463        SH: 10    Dex: 17    Spells: 0 memorised, 10 levels left

rFire  . . .     SeeInvis +     a - +0 war axe
rCold  . . .     Gourm    .     N - +1 scale mail of the Shore {*Drain Str+7}
rNeg   . . .     Faith    .     c - +0 shield
rPois  .         Spirit   .     M - +1 helmet
rElec  .         Dismiss  .     x - +0 cloak
rCorr  .         Reflect  .     y - +0 pair of gloves
SustAt .         Harm     .     (no boots)
MR     +....                    (no amulet)
Stlth  ..........               A - ring of see invisible
                                r - +2 ring of dexterity

@: about to teleport, corroded, non-regenerating, somewhat resistant to hostile
enchantments, extremely unstealthy
A: damage resistance, recharge devices, sense surroundings 2, slow regeneration
3
a: Device Recharging, Minor Destruction, Lesser Servant of Makhleb, Major
Destruction, Renounce Religion


You were on level 10 of the Dungeon.
You worshipped Makhleb.
Makhleb was greatly pleased with you.
You were not hungry.

You visited 2 branches of the dungeon, and saw 12 of its levels.
You also visited: Labyrinth.

You collected 463 gold pieces.

Inventory:

Hand Weapons
 a - a +0 war axe (weapon)
Armour
 c - a +0 shield (worn)
 v - a +2 scale mail of positive energy
 x - a +0 cloak (worn)
 y - a +0 pair of gloves (worn)
 M - a +1 helmet (worn)
 N - the +1 scale mail of the Shore (worn) {*Drain Str+7}
   (You found it in a labyrinth)

   It affects your strength (+7).
   It causes draining when unequipped.
Rods
 I - a +4 rod of clouds (9/9)
   (You found it in a labyrinth)
Jewellery
 h - an uncursed ring of protection from fire
 i - an uncursed ring of protection from magic
 q - an uncursed ring of sustain attributes
 r - a +2 ring of dexterity (left hand)
 z - an uncursed ring of stealth
 A - a ring of see invisible (right hand)
 F - an uncursed amulet of guardian spirit
 H - an uncursed ring of flight
Wands
 d - a wand of teleportation (0/9)
 e - a wand of heal wounds (1/9)
 g - a wand of slowing (28/48)
 s - a wand of slowing (11/48)
Scrolls
 b - 3 scrolls of identify
 j - 3 scrolls of immolation
 n - 4 scrolls of teleportation
 o - a scroll of magic mapping
 p - a scroll of amnesia
 K - 4 scrolls of remove curse
 L - a scroll of fog
Potions
 l - a potion of cure mutation
 t - 2 potions of cancellation
 w - a potion of flight
Books
 C - the Grimoire of the Compass and the Arsonist
   (You found it in a labyrinth)

   Spells                             Type                      Level
   a - Throw Flame                    Conjuration/Fire             2
   b - Conjure Flame                  Conjuration/Fire             3
   c - Inner Flame                    Hexes/Fire                   3
   d - Teleport Other                 Translocation                3
   e - Fireball                       Conjuration/Fire             5
 G - the Compendium of Freezing Dislocation
   (You found it in a labyrinth)

   Spells                             Type                      Level
   a - Apportation                    Translocation                1
   b - Throw Frost                    Conjuration/Ice              2
   c - Warp Weapon                    Charms/Translocation         5
   d - Freezing Cloud                 Conjuration/Ice/Air          6
   e - Ozocubu's Refrigeration        Ice                          6
Comestibles
 f - 10 bread rations
 k - 4 meat rations
 D - 2 slices of pizza
 E - 3 fruits


   Skills:
 - Level 5.8 Fighting
 - Level 16.1 Axes
 - Level 6.9 Armour
 - Level 5.3 Dodging
 - Level 3.2 Shields
 + Level 7.8 Invocations
 - Level 2.0 Evocations


You had 10 spell levels left.
You didn't know any spells.

Dungeon Overview and Level Annotations

Branches:
Dungeon (11/15)            Temple (1/1) D:5            Lair (0/8) D:11
    Orc (0/2) D:10

Altars:
Ashenzari
Cheibriados
Dithmenos
Elyvilon
Fedhas
Gozag
Kikubaaqudgha
Makhleb
Nemelex Xobeh
Okawaru
Pakellas
Qazlal
Ru
Sif Muna
Trog
Vehumet
Xom
Yredelemnul
Zin
The Shining One

Shops:
D:5 [   D:6 *


Innate Abilities, Weirdness & Mutations

You are resistant to damage.
You can recharge devices by infusing magical energy.
You passively map the area around you.
You do not regenerate naturally.


Message History

Evoke which item? (* to show all) (? for menu, Esc to quit)
Zapping:
d - a wand of teleportation {zapped: 3} (will waste charges)
Press: ? - help, Shift-Dir - straight line, f - you You feel strangely unstable.
Evoking this partially-identified wand wasted a few charges.
The brown ugly thing tentacle-slaps you!
* * * LOW HITPOINT WARNING * * *
You are splashed with acid!
The acid corrodes you!
The acid burns!
* * * LOW HITPOINT WARNING * * *
Drink which item? (? for menu, Esc to quit)
You feel better.
The brown ugly thing tentacle-slaps you.
You are splashed with acid!
The acid burns!
* * * LOW HITPOINT WARNING * * *
Drink which item? (? for menu, Esc to quit)
You feel better.
The brown ugly thing tentacle-slaps you!
* * * LOW HITPOINT WARNING * * *
You are splashed with acid!
The acid burns!
You die...

######################
.....................#######
##########.##...>..........#
# #.######.......##.# # #.#
#.#####.##.# # #.# ####.#
#.##.# # #.# #.u@.# #..#.#
#### #.###.##.# #..#.# ...#
#.##.[.#.#####..#.# ##.#
#.##[>.#........#.# ##.#
#.##..[####.###.#.#
.#########.........#.#
#.#.##
........##...........#
#....#
8....#.#.#.........###
###..# .....)..........####
#..#


You could see a brown ugly thing.

Vanquished Creatures
  A minotaur (Lab)
  Erica (D:10)
  The ghost of CrazyArbalest the Quickloader, a novice MiHu of Okawaru (D:8)
  4 unseen horrors
  2 hill giants
  Pikel (D:4)
  A troll (D:11)
  Prince Ribbit (D:6)
  A redback (Lab)
  The ghost of execc the Cutter, an amateur KoAr (D:4)
  A shadow (D:10)
  5 yaks (D:9)
  5 hippogriffs
  Edmund (D:4)
  2 hungry ghosts (Lab)
  Menkaure (D:7)
  A warg (D:10)
  2 water moccasins
  6 orc warriors
  3 ice beasts
  A phantom (D:7)
  4 slaves
  A black bear (D:10)
  10 ogres
  A necrophage (D:9)
  A centaur (D:11)
  3 giant frogs
  A wyvern skeleton (D:7)
  10 killer bees
  8 wights
  6 scorpions
  3 spriggan skeletons (D:9)
  A howler monkey (D:4)
  A troll skeleton (D:9)
  4 crimson imps
  A centaur zombie (D:10)
  3 hounds
  11 orc priests
  6 centaur skeletons
  4 giant frog skeletons
  5 iguanas
  8 worker ants
  5 orc wizards
  A worker ant zombie (D:10)
  16 adders
  2 shadow imps
  3 adder skeletons
  6 worms
  A dart slug (D:3)
  2 giant geckos
  43 orcs
  3 ball pythons
  3 giant cockroaches
  6 goblins
  7 hobgoblins
  3 jackals (D:2)
  7 kobolds
  5 quokkas
  A ball python zombie (D:5)
  8 bats
  A giant gecko zombie (D:7)
  8 giant newts
  A quokka skeleton (D:5)
  10 rats
276 creatures vanquished.

Notes
Turn   | Place    | Note
--------------------------------------------------------------
     0 | D:1      | kae the Deep Dwarf Fighter began the quest for the Orb.
     0 | D:1      | Reached XP level 1. HP: 20/20 MP: 1/1
   123 | D:1      | Reached skill level 3 in Axes
   123 | D:1      | Reached XP level 2. HP: 27/27 MP: 2/2
   795 | D:2      | Reached XP level 3. HP: 25/33 MP: 3/3
   835 | D:2      | Reached skill level 4 in Axes
  1233 | D:3      | Reached skill level 5 in Axes
  1233 | D:3      | Reached XP level 4. HP: 20/40 MP: 4/4
  1487 | D:3      | Reached XP level 5. HP: 30/46 MP: 5/5
  1716 | D:3      | Reached skill level 6 in Axes
  1826 | D:4      | Noticed an ogre
  1828 | D:4      | Noticed execc's ghost (amateur KoAr)
  1859 | D:4      | Noticed Pikel
  1859 | D:4      | Noticed a slave
  1859 | D:4      | Noticed a slave
  1861 | D:4      | Noticed a slave
  2018 | D:4      | Noticed a slave
  2032 | D:3      | Killed a slave
  2045 | D:3      | Killed a slave
  2121 | D:4      | Killed a slave
  2224 | D:4      | Found a glowing golden altar of the Shining One.
  2236 | D:4      | Noticed Edmund
  2373 | D:3      | Killed a slave
  2686 | D:5      | Entered Level 5 of the Dungeon
  2756 | D:5      | Reached skill level 7 in Axes
  2756 | D:5      | Reached XP level 6. HP: 18/55 MP: 6/6
  2799 | D:5      | Found Naatiocs's Antique Armour Emporium.
  2907 | D:5      | Found a staircase to the Ecumenical Temple.
  2995 | Temple   | Entered the Ecumenical Temple
  3338 | D:5      | Found an iron altar of Okawaru.
  3407 | D:5      | Reached skill level 8 in Axes
  3660 | D:4      | Killed Pikel
  3660 | D:4      | Reached skill level 9 in Axes
  3660 | D:4      | Reached XP level 7. HP: 25/61 MP: 7/7
  3663 | D:4      | Reached skill level 10 in Axes
  3929 | D:4      | Reached XP level 8. HP: 25/68 MP: 8/8
  4081 | D:4      | Killed Edmund
  4081 | D:4      | Reached skill level 11 in Axes
  4152 | D:4      | Killed execc's ghost
  4423 | D:5      | Reached skill level 12 in Axes
  4616 | D:5      | Gained mutation: You passively map the area around you. [Deep Dwarf growth]
  4616 | D:5      | Reached XP level 9. HP: 39/74 MP: 7/7
  4661 | D:6      | Found a glowing silver altar of Zin.
  4661 | D:6      | Found an ancient bone altar of Kikubaaqudgha.
  4682 | D:6      | Found a shadowy altar of Dithmenos.
  4939 | D:6      | Found a white marble altar of Elyvilon.
  4977 | D:6      | Reached skill level 13 in Axes
  5039 | D:6      | Noticed Prince Ribbit
  5080 | D:6      | Killed Prince Ribbit
  5105 | D:6      | Found Ahak's Elemental Accessories.
  5324 | D:6      | Found a sacrificial altar of Ru.
  5455 | D:7      | Noticed Menkaure
  5476 | D:7      | Killed Menkaure
  5728 | D:7      | Reached skill level 14 in Axes
  5817 | D:7      | Reached skill level 1 in Evocations
  5927 | D:7      | Found a burning altar of Makhleb.
  5950 | D:7      | Became a worshipper of Makhleb the Destroyer
  6401 | D:8      | Reached XP level 10. HP: 29/85 MP: 7/7
  6427 | D:8      | Found a snail-covered altar of Cheibriados.
  6532 | D:8      | Found a basalt altar of Yredelemnul.
  6577 | D:8      | Reached * piety under Makhleb
  6590 | D:8      | HP: 3/85 [poisoned by a killer bee]
  6591 | D:8      | HP: 1/85 [poisoned by a killer bee]
  6596 | D:8      | Noticed CrazyArbalest's ghost (novice MiHu)
  6922 | D:8      | Killed CrazyArbalest's ghost
  6922 | D:8      | Reached skill level 15 in Axes
  7210 | D:8      | Found a blossoming altar of Fedhas.
  7298 | D:9      | Noticed a hill giant
  7841 | D:9      | Noticed an unseen horror
  7863 | D:9      | Killed an unseen horror
  7863 | D:9      | Reached skill level 5 in Fighting
  8012 | D:9      | Reached ** piety under Makhleb
  8120 | D:10     | Entered Level 10 of the Dungeon
  8142 | D:10     | Noticed an unseen horror
  8178 | D:10     | Killed an unseen horror
  8178 | D:10     | Reached skill level 16 in Axes
  8352 | D:10     | Reached skill level 1 in Dodging
  8434 | D:10     | Reached XP level 11. HP: 40/97 MP: 5/5
  8452 | D:10     | Found a staircase to the Orcish Mines.
  8472 | D:10     | Noticed an unseen horror
  8487 | D:10     | Killed an unseen horror
  8678 | D:10     | HP: 4/97 [orc warrior/halberd (16)]
  8742 | D:10     | Noticed a hill giant
  8753 | D:10     | Killed a hill giant
  8753 | D:10     | Reached skill level 5 in Armour
  8925 | D:10     | Noticed Erica
  8941 | D:10     | Killed Erica
  9062 | D:11     | Reached *** piety under Makhleb
  9277 | D:11     | Noticed an unseen horror
  9289 | D:11     | Killed an unseen horror
  9289 | D:11     | Reached skill level 5 in Dodging
  9344 | D:11     | Found a staircase to the Lair.
  9470 | D:11     | Found a labyrinth entrance.
  9497 | Lab      | Entered a labyrinth
 10573 | Lab      | Noticed a minotaur
 10590 | Lab      | Killed a minotaur
 10599 | Lab      | Identified the Grimoire of the Compass and the Arsonist
 10599 | Lab      | Identified the Compendium of Freezing Dislocation
 10602 | Lab      | Got a distressingly furry scale mail
 10670 | D:11     | Identified the +1 scale mail of the Shore {*Drain Str+7} (You found it in a labyrinth)
 10671 | D:11     | Identified a +4 rod of clouds (9/9) (You found it in a labyrinth)
 10680 | D:11     | Reached **** piety under Makhleb
 10712 | D:11     | Noticed a hill giant
 10736 | D:11     | Killed a hill giant
 10778 | D:11     | Noticed a brown ugly thing
 10859 | D:10     | HP: 2/97 [acid (4)]
 10861 | D:10     | Splashed by a brown ugly thing's acid

Skill      XL: |  1  2  3  4  5  6  7  8  9 10 11 |
---------------+----------------------------------+-----
Axes           | 3 5 7 9 10 12 14 16 | 16.1
Evocations     | 2 |  2.0
Fighting       | 3 5 |  5.8
Dodging        | 1 5 |  5.3
Armour         | 6 |  6.9
Invocations    | 7 |  7.8
Shields        | |  3.2

Action                   |  1- 3 |  4- 6 |  7- 9 | 10-12 || total
-------------------------+-------+-------+-------+-------++-------
Melee: War axe           |   128 |   282 |   416 |   755 ||  1581
 Abil: Device Recharging |       |       |     4 |     8 ||    12
Evoke: Wand              |     1 |     6 |    21 |    37 ||    65
  Use: Scroll            |     4 |    11 |     2 |    11 ||    28
       Potion            |       |     2 |     5 |     6 ||    13
 Stab: Sleeping          |       |       |     1 |       ||     1
  Eat: Chunk             |     1 |     7 |     9 |    12 ||    29
       Royal jelly       |       |       |     1 |     5 ||     6
       Pizza             |       |       |       |     1 ||     1
Armor: Scale mail        |    48 |    78 |   105 |   214 ||   445
       Skin              |       |       |    16 |       ||    16
Dodge: Dodged            |    29 |    85 |    69 |   178 ||   361
Block: Shield            |    68 |   135 |   122 |   276 ||   601
